 Dungeon Crawl Stone Soup version 0.19.5 (webtiles) character file.

1551 equalderp2856 the Gouger (level 8, -5/36 HPs)
             Began as a Felid Fighter on Mar 5, 2017.
             Slain by a hornet (9 damage)
             ... on level 8 of the Dungeon.
             The game lasted 00:26:13 (9440 turns).

equalderp2856 the Gouger (Felid Fighter)            Turns: 9440, Time: 00:26:13

Health: -5/36      AC:  2    Str: 13    XL:     8   Next: 57%
Magic:  9/9        EV: 23    Int:  9    God:
Gold:   474        SH:  0    Dex: 17    Spells: 0 memorised, 7 levels left
                                        Lives:  0   Deaths: 2

rFire  . . .     SeeInvis +       - Unarmed
rCold  . . .     Gourm    .     (armour unavailable)
rNeg   . . .     Faith    .     (shield unavailable)
rPois  .         Spirit   .     (helmet unavailable)
rElec  .         Reflect  .     (cloak unavailable)
rCorr  .         Harm     .     (gloves unavailable)
MR     +....                    (boots unavailable)
Stlth  +++++.....               (no amulet)
                                (no ring)
                                (no ring)

@: lethally poisoned (-5 -> -8), quick
A: no armour, no weapons or thrown items, stealth, claws 1, fangs 3, see
invisible, carnivore 3, speed 1, shaggy fur 2, slow metabolism 1, sharp paws
a: no special abilities


You were on level 8 of the Dungeon.
You were not hungry.

You visited 2 branches of the dungeon, and saw 10 of its levels.

You collected 474 gold pieces.

Inventory:

Hand Weapons
 u - a cursed -2 hand axe
Armour
 v - a cursed +0 scale mail
Jewellery
 p - an uncursed ring of ice {unknown}
 w - an uncursed ring of see invisible {unknown}
Wands
 m - a wand of flame (11/48)
 z - a wand of disintegration (7/24)
Scrolls
 d - a scroll of amnesia {unknown}
 e - 7 scrolls of identify {unknown}
 h - 5 scrolls of remove curse {unknown}
 i - 4 scrolls of teleportation {unknown}
 r - a scroll of enchant weapon {unknown}
 s - a scroll of blinking {unknown}
 x - a scroll of vulnerability {unknown}
 y - a scroll of magic mapping {unknown}
Potions
 a - a potion of might
 g - 2 potions of lignification
 j - a potion of brilliance
 k - a potion of agility
 t - a potion of ambrosia {unknown}
Books
 o - a book of Callings

   Spells                             Type                      Level
   a - Summon Small Mammal            Summoning                    1
   b - Call Imp                       Summoning                    2
   c - Call Canine Familiar           Summoning                    3
   d - Summon Guardian Golem          Hexes/Summoning              3
   e - Summon Lightning Spire         Summoning/Air                4
   f - Summon Ice Beast               Ice/Summoning                4
Comestibles
 b - 5 meat rations
 c - a royal jelly
 f - a beef jerky
 l - 5 bread rations


   Skills:
 + Level 4.2 Fighting
 + Level 7.3 Dodging
 + Level 9.9 Stealth
 + Level 10.4 Unarmed Combat


You had 7 spell levels left.
You didn't know any spells.

Dungeon Overview and Level Annotations

Branches:
Dungeon (9/15)             Temple (1/1) D:6
   Lair: D:8-11         Orc: D:9-12

Altars:
Ashenzari
Cheibriados
Dithmenos
Elyvilon
Fedhas
Hepliaklqana
Kikubaaqudgha
Makhleb
Nemelex Xobeh
Okawaru
Qazlal
Ru
Sif Muna
Trog
Uskayaw
Vehumet
Xom
Yredelemnul
Zin
The Shining One

Shops:
D:7 =

Annotations:
D:3 Natasha
D:4 Edmund; Typee's ghost, amateur DECj


Innate Abilities, Weirdness & Mutations

You cannot wear armour.
You are incapable of wielding weapons or throwing items.
Your paws allow you to move quietly. (Stealth)
You have sharp claws.
You have razor-sharp teeth.
You have supernaturally acute eyesight. (SInv)
You are carnivorous and can eat meat at any time.
You cover ground quickly.
You are covered in thick fur. (AC +2)
You have a slow metabolism.
Your sharp claws are effective at attacking unaware monsters.


Message History

You feel as though you will be slow longer.
The hornet misses you.
You scratch the hornet.
The hornet is heavily wounded.
* * * LOW HITPOINT WARNING * * *
You feel sick. The hornet completely misses you. x2
You closely miss the hornet. Your claw misses the hornet.
The hornet is heavily wounded.
* * * LOW HITPOINT WARNING * * *
You feel sick. The hornet completely misses you.
You scratch the hornet but do no damage.
Your claw misses the hornet.
The hornet is heavily wounded.
The hornet misses you. The hornet completely misses you.
You claw the hornet!
The hornet is severely wounded.
You feel yourself speed up.
* * * LOW HITPOINT WARNING * * *
You feel sick. The hornet stings you!
You die...

##.###.[..#.............
#.......................
######....#.............
#....#.............
#....#............o
######o............
#.#......[....
###########.#...........
#.<....@y...##..........
###########.###.........
##............
#............
#.....#......
#.....##..... #.....#
#.... #.....# ####
#.....#


You could see a hornet.

Vanquished Creatures
  Joseph (D:7)
  Grinder (D:3)
  Menkaure (D:7)
  3 sky beasts
  A phantom (D:8)
  4 centaurs
  2 bullfrogs
  2 scorpions
  A water moccasin skeleton (D:5)
  3 killer bees
  4 wights (D:8)
  A jelly (D:6)
  3 crimson imps
  A gnoll shaman (D:5)
  3 bullfrog skeletons
  2 hounds
  2 orc priests
  2 centaur skeletons
  2 orc wizards
  Jessica (D:2)
  Natasha (twice) (D:3)
  6 worker ants
  A hound skeleton (D:7)
  5 gnolls (D:5)
  10 adders
  2 shadow imps
  An ooze (D:7)
  An adder skeleton (D:5)
  2 worms
  2 dart slugs (D:1)
  2 leopard geckos
  22 orcs
  4 giant cockroaches
  9 goblins
  4 hobgoblins
  4 jackals
  4 kobolds
  9 quokkas
  A ball python (D:2)
  7 bats
  2 frilled lizards (D:2)
  A jackal skeleton (D:5)
  A leopard gecko skeleton (D:4)
  2 quokka skeletons
  4 rats
148 creatures vanquished.

Notes
Turn   | Place    | Note
-------+----------+-------------------------------------------
     0 | D:1      | equalderp2856 the Felid Fighter began the quest for the Orb.
     0 | D:1      | Reached XP level 1. HP: 10/10 MP: 2/2
   250 | D:1      | Reached XP level 2. HP: 12/14 MP: 3/3
  1108 | D:2      | Noticed Jessica
  1112 | D:2      | Killed Jessica
  1112 | D:2      | Reached skill level 1 in Stealth
  1112 | D:2      | Reached XP level 3. HP: 16/17 MP: 4/4
  1320 | D:2      | Reached skill level 5 in Unarmed Combat
  1367 | D:2      | Reached XP level 4. HP: 21/21 MP: 5/5
  1879 | D:3      | Found a sacrificial altar of Ru.
  1955 | D:3      | Noticed Natasha
  1958 | D:3      | Killed Natasha
  1980 | D:3      | Found a stormy altar of Qazlal.
  2048 | D:3      | Reached XP level 5. HP: 24/24 MP: 6/6
  2158 | D:3      | Noticed Natasha
  2163 | D:3      | Killed Natasha
  2614 | D:3      | Noticed Natasha
  2631 | D:3      | Noticed Grinder
  2662 | D:3      | Killed Grinder
  2662 | D:3      | Reached skill level 5 in Dodging
  2662 | D:3      | Reached skill level 6 in Unarmed Combat
  2662 | D:3      | Gained mutation: You are covered in thick fur. (AC +2) [Felid growth]
  2662 | D:3      | Reached XP level 6. HP: 9/28 MP: 7/7
  3164 | D:4      | Noticed Edmund
  3247 | D:4      | Noticed Typee's ghost (amateur DECj)
  3310 | D:4      | Reached XP level 7. HP: 21/31 MP: 8/8
  3324 | D:4      | Reached skill level 5 in Stealth
  3525 | D:5      | Entered Level 5 of the Dungeon
  3722 | D:5      | Reached skill level 7 in Unarmed Combat
  4155 | D:5      | Found a white marble altar of Elyvilon.
  4463 | D:6      | Found a staircase to the Ecumenical Temple.
  5084 | D:7      | Found Pibloe Avawn's Jewellery Shoppe.
  5272 | D:7      | Found a basalt altar of Yredelemnul.
  5600 | D:6      | Reached skill level 8 in Unarmed Combat
  5627 | D:6      | Slain by a centaur
  5628 | D:6      | Reached XP level 6. HP: 0/28 MP: 7/7
  5655 | D:6      | Reached XP level 7. HP: 25/31 MP: 8/8
  7071 | Temple   | Entered the Ecumenical Temple
  7207 | D:7      | Noticed Joseph
  7210 | D:7      | Reached XP level 8. HP: 36/36 MP: 9/9
  7217 | D:7      | Killed Joseph
  7217 | D:7      | Reached skill level 9 in Unarmed Combat
  7607 | D:7      | Noticed Menkaure
  7613 | D:7      | Killed Menkaure
  7953 | D:9      | Noticed a hornet
  7992 | D:8      | Paralysed by a hornet for 1 turns
  7993 | D:8      | Mangled by a hornet
  7994 | D:8      | Reached XP level 7. HP: -7/32 MP: 8/8
  8080 | D:8      | Reached skill level 10 in Unarmed Combat
  8080 | D:8      | Reached XP level 8. HP: 9/36 MP: 9/9
  9021 | D:8      | Found a hide-covered altar of Uskayaw.
  9440 | D:8      | Slain by a hornet

Skill      XL: |  1  2  3  4  5  6  7  8 |
---------------+-------------------------+-----
Stealth        | 1 2 4 7 9 |  9.9
Unarmed Combat | 5 6 10 9 | 10.4
Dodging        | 5 6 7 |  7.3
Fighting       | 4 |  4.2

Action                   |  1- 3 |  4- 6 |  7- 9 || total
-------------------------+-------+-------+-------++-------
Melee: Unarmed           |    73 |   107 |   312 ||   492
       Punch             |     6 |     3 |    11 ||    20
       Bite              |     7 |     6 |    32 ||    45
  Use: Potion            |       |     4 |     5 ||     9
 Stab: Sleeping          |     5 |     6 |    20 ||    31
  Eat: Chunk             |     5 |     6 |    11 ||    22
Armor: Skin              |     5 |     4 |     4 ||    13
Dodge: Dodged            |    59 |    72 |   268 ||   399
